 Dungeon Crawl Stone Soup version 0.29.1-12-g30fa7ad0bf (webtiles) character file.

Game seed: 18086865763108712922

112 KittyFluff the Cudgeller (level 4, -2/29 HPs)
             Began as a Gargoyle Berserker on Jan 17, 2023.
             Was a Believer of Trog.
             Slain by an orc
             ... wielding a +1 trident of venom
              (4 damage)
             ... on level 3 of the Dungeon.
             The game lasted 00:11:22 (3106 turns).

KittyFluff the Cudgeller (Gargoyle Berserker)       Turns: 3106, Time: 00:11:23

Health: -2/29      AC:  6    Str: 20    XL:     4   Next: 93%
Magic:  4/4        EV: 11    Int:  8    God:    Trog [**....]
Gold:   132        SH:  0    Dex: 11    Spells: 3/3 levels left

rFire   . . .      SeeInvis .   a - +0 mace
rCold   . . .      Faith    .   (no shield)
rNeg    + . .      Spirit   .   q - +0 leather armour
rPois   ∞          Reflect  .   (no helmet)
rElec   +          Harm     .   (no cloak)
rCorr   .          Rampage  .   (no gloves)
Will    .....                   (no boots)
Stlth   +.........              (no amulet)
HPRegen 0.09/turn               (no ring)
MPRegen 0.09/turn               (no ring)

@: no status effects
A: sickness immunity, AC +3, negative energy resistance 1, electricity
resistance, torment resistance 1, petrification resistance
a: Renounce Religion, Berserk, Trog's Hand


You were on level 3 of the Dungeon.
You worshipped Trog.
Trog was pleased with you.
You visited 1 branch of the dungeon, and saw 3 of its levels.

You collected 132 gold pieces.

Inventory:

Hand Weapons
 a - a +0 mace (weapon)
 b - the +4 quarterstaff "Vagaeck" {holy, *Rage rElec SInv}
   (You found it on level 2 of the Dungeon)

   It has been blessed by the Shining One to cause great damage to the undead
   and demons.
   rElec:     It insulates you from electricity.
   SInv:      It lets you see invisible.
   *Rage:     It berserks you when you make melee attacks (+20% chance).
 u - a +0 flail
Missiles
 d - 6 javelins
 g - 6 poisoned darts
 r - 6 boomerangs
 t - 4 stones (quivered)
Armour
 h - a +0 ring mail
 q - a +0 leather armour (worn)
Scrolls
 c - 2 scrolls of blinking {unknown}
 f - 4 scrolls of identify {unknown}
 i - a scroll of immolation {unknown}
 j - a scroll of fear {unknown}
 n - a scroll of enchant weapon {unknown}
 o - 3 scrolls of teleportation
 w - a scroll of noise {unknown}
Potions
 e - a potion of curing {unknown}
 k - a potion of haste {unknown}
 l - a potion of mutation {unknown}
 m - 2 potions of degeneration {unknown}
 p - 2 potions of attraction {unknown}
 s - 2 potions of invisibility {unknown}
 v - a potion of might {unknown}
 x - a potion of lignification {unknown}


   Skills:
 + Level 4.2 Fighting
 + Level 4.3 Maces & Flails
 + Level 0.1 Throwing
 + Level 2.5 Armour
 + Level 1.9 Dodging
 + Level 1.1 Stealth


You had 3 spell levels left.
You didn't know any spells.
Your spell library was empty.

Dungeon Overview and Level Annotations

Branches:
Dungeon (3/15)

Altars:


Innate Abilities, Weirdness & Mutations

You are immune to sickness and miasma.
Your stone body is resilient. (AC +3)
You are immune to poison.
You resist negative energy. (rN+)
You are resistant to electric shocks. (rElec)
You are resistant to unholy torment.
You are immune to petrification.


Message History

You hit the orc.
The orc is moderately wounded.
The orc hits you but does no damage.
You sock the orc!
You kill the orc!
Trog accepts your kill.
The orc hits you from afar with a +1 trident of venom.
You hit the endoplasm but do no damage.
The orc hits you from afar with a +1 trident of venom.
The endoplasm barely misses you. The endoplasm closely misses you.
The orc hits you from afar with a +1 trident of venom.
You hit the endoplasm.
You kill the endoplasm!
Trog accepts your kill.
The orc hits you from afar with a +1 trident of venom.
* * * LOW HITPOINT WARNING * * *
You barely miss the orc. The orc barely misses you.
The orc hits you but does no damage.
You hit the orc but do no damage. The orc misses you.
The orc barely misses you.
You sock the orc!
You kill the orc!
Trog accepts your kill. The orc hits you but does no damage.
You hit the orc but do no damage. The orc closely misses you. x2
The orc hits you but does no damage. The orc barely misses you.
You closely miss the orc. The orc hits you with a +0 hand axe.
* * * LOW HITPOINT WARNING * * *
The orc hits you from afar with a +1 trident of venom.
* * * LOW HITPOINT WARNING * * *
You hit the orc but do no damage. The orc hits you with a +0 hand axe.
* * * LOW HITPOINT WARNING * * *
The orc hits you from afar with a +1 trident of venom.
* * * LOW HITPOINT WARNING * * *
You hit the orc but do no damage. The orc hits you with a +0 hand axe.
* * * LOW HITPOINT WARNING * * *
The orc hits you but does no damage.
You closely miss the orc. The orc barely misses you.
The orc hits you from afar with a +1 trident of venom.
You die...

#.#.............
#...####........
##.## ####....)
#.# #..... #.#
#...## #.# ###.#
####.#### #.#
#.......# #.#
#@#####.# #.#
#o#####.## #.#
#.o..##...
#.†...#.##
#.........
#..........
#.......###
#.......#
#.......#


You could see 2 orcs.

Vanquished Creatures
  4 gnolls (D:3)
  A worm (D:2)
  3 dart slugs (D:1)
  3 orcs (D:3)
  4 bats
  7 endoplasms
  3 giant cockroaches
  3 goblins
  4 hobgoblins
  3 quokkas
  8 ball pythons
  6 frilled lizards
  5 kobolds
  7 rats
61 creatures vanquished.

Notes
Turn   | Place    | Note
-------+----------+-------------------------------------------
     0 | D:1      | KittyFluff the Gargoyle Berserker began the quest for the
                  | Orb.
     0 | D:1      | Reached XP level 1. HP: 14/14 MP: 1/1
   249 | D:1      | Reached XP level 2. HP: 16/19 MP: 2/2
   669 | D:1      | Reached XP level 3. HP: 24/24 MP: 3/3
  1083 | D:2      | Reached ** piety under Trog
  1396 | D:2      | Identified the +4 quarterstaff "Vagaeck" {holy, *Rage rElec
                  | SInv}
  2153 | D:2      | Reached XP level 4. HP: 10/29 MP: 4/4
  2556 | D:3      | Reached skill level 1 in Stealth
  2567 | D:3      | HP: 1/29 [quokka (2)]
  3106 | D:3      | Slain by an orc

Illustrated notes

Levels and vault maps discovered:
D:1:      eino_arrival_water_cross, layout_loops_ring, minmay_tetromino_t2
D:2:      layout_basic
D:3:      layout_loops_ring

Skill      XL: |  1  2  3  4 |
---------------+-------------+-----
Fighting       | 4 |  4.2
Maces & Flails | 4 |  4.3
Stealth        | 1 |  1.1
Throwing       | |  0.1
Armour         | |  2.5
Dodging        | |  1.9

Action                   |  1- 3 |  4- 6 || total
-------------------------+-------+-------++-------
Melee: Mace              |   101 |    56 ||   157
       Punch             |     2 |       ||     2
Throw: Stone             |    12 |       ||    12
  Use: Scroll            |     1 |       ||     1
 Stab: Sleeping          |     1 |     1 ||     2
       Distracted        |     1 |       ||     1
Armor: Animal skin       |    20 |       ||    20
       Leather armour    |    12 |    26 ||    38
Dodge: Dodged            |    58 |    35 ||    93
